Map: Darkness Sanctuary LE

Players

DnS - Winner!

  • Race: Protoss Protoss
  • Spawn Location: 1:00

Rail

  • Race: Protoss Protoss
  • Spawn Location: 5:00

Event: WCS Valencia 2018

VOD

Have the link to the VOD?

Description

Time

  • Played on: July 12, 2018, 10:13 a.m.
  • Length: 9:27

All games in this series

Show
View Real Time Build Order
Export as new Build Order

DnS Protoss - Winner!

Build Orders: Oracle Opening, Zealot Archon 

Get SALT Encoding   

  12  0:00  Probe  
  13  0:12  Probe  
  14  0:17  Pylon  
  14  0:24  Probe  
  15  0:32  Probe  
  15  0:38  Gateway  
  15  0:40  Probe  
  16  0:46  Assimilator  
  17  0:50  Probe  
  17  0:56  Assimilator  
  18  0:58  Probe  
  19  1:07  Probe  
  20  1:15  Gateway  
  20  1:17  Probe  
  21  1:26  Cybernetics Core  
  21  1:31  Probe  
  22  1:37  Pylon  
  22  1:43  Probe  
  23  1:55  Probe  
  24  2:02  Adept x2  
  24  2:04  Warp Gate  
  28  2:16  Pylon  
  28  2:19  Probe  
  29  2:26  Stargate  
  29  2:32  Stalker  
  31  2:43  Stalker  
  33  3:04  Oracle  
  33  3:06  Nexus  
  33  3:17  Probe  
  37  3:29  Pylon, Probe  
  38  3:40  Robotics Facility  
  38  3:44  Probe  
  39  3:57  Shield Battery  
  39  3:59  Shield Battery  
  39  4:02  Probe  
  40  4:10  Probe  
  40  4:14  Probe  
  41  4:18  Probe  
  41  4:22  Probe  
  41  4:24  Immortal, Sentry x2  
  47  4:27  Pylon  
  47  4:29  Probe  
  49  4:35  Probe  
  54  4:46  Probe  
  54  4:47  Probe  
  54  4:50  Forge  
  54  4:52  Assimilator  
  56  4:55  Assimilator  
  56  4:59  Probe  
  58  5:00  Probe  
  58  5:01  Observer  
  58  5:06  Twilight Council  
  58  5:07  Protoss Ground Weapons Level 1  
  59  5:12  Probe x2  
  59  5:13  Immortal  
  61  5:17  Pylon  
  61  5:24  Probe x2  
  67  5:36  Probe x2  
  69  5:44  Pylon  
  69  5:47  Charge  
  69  5:52  Templar Archives  
  69  5:53  Gateway  
  69  5:54  Gateway  
  69  6:03  Immortal  
  73  6:21  Gateway  
  73  6:23  Gateway  
  73  6:27  Nexus  
  73  6:33  High Templar x2  
  73  6:37  Archon  
  73  6:38  Protoss Ground Weapons Level 2  
  77  6:43  Gateway  
  77  6:44  Gateway  
  77  6:49  Zealot x2  
  77  6:53  Probe x2  
  83  7:05  Probe, Pylon  
  83  7:06  Probe  
  85  7:13  Pylon  
  86  7:27  Zealot, High Templar x2  
  86  7:28  Nexus, Zealot  
  93  7:31  Archon  
  93  7:33  Zealot x2  
  97  7:41  Zealot  
  97  7:42  Zealot  
  101  7:46  Pylon  
  101  7:49  Probe  
  102  7:55  Pylon  
  102  8:04  Probe  
  102  8:05  High Templar x3  
  109  8:07  High Templar  
  109  8:09  Archon, Pylon  
  109  8:11  Archon  
  110  8:14  Pylon x2  
  110  8:15  Zealot x4  
  118  8:23  Warp Prism  
  118  8:38  Zealot x4, High Templar x2  
  118  8:39  Zealot  
  134  8:43  Archon  
  134  8:52  Observer  
  134  8:56  Pylon  
  134  9:00  Zealot x3  
  134  9:01  Zealot  
  139  9:27  Zealot x8  
Show
View Real Time Build Order
Export as new Build Order

Rail Protoss 

Build Orders: Blink Stalkers, Zealot Archon 

Get SALT Encoding   

  12  0:00  Probe  
  13  0:13  Probe  
  14  0:17  Pylon  
  14  0:24  Probe  
  15  0:32  Probe  
  15  0:38  Gateway  
  15  0:40  Probe  
  16  0:48  Assimilator  
  17  0:51  Probe  
  18  0:59  Probe  
  19  1:04  Assimilator  
  19  1:07  Probe  
  20  1:13  Gateway  
  20  1:17  Probe  
  21  1:26  Cybernetics Core  
  21  1:29  Probe  
  22  1:35  Pylon  
  22  1:41  Probe  
  23  1:54  Probe  
  24  2:02  Stalker x2  
  24  2:03  Warp Gate  
  24  2:06  Probe  
  29  2:13  Pylon  
  29  2:30  Twilight Council  
  29  2:32  Stalker  
  31  2:40  Blink  
  31  2:54  Nexus  
  31  3:04  Shield Battery  
  31  3:17  Stalker  
  33  3:29  Robotics Facility  
  33  3:37  Stalker  
  35  3:47  Stalker  
  37  3:52  Pylon  
  37  3:54  Probe  
  38  4:06  Probe  
  38  4:09  Probe  
  40  4:16  Stalker  
  42  4:18  Probe  
  43  4:25  Stalker  
  43  4:26  Probe  
  46  4:34  Probe  
  46  4:38  Probe  
  48  4:41  Charge  
  48  4:42  Stalker  
  49  4:46  Probe  
  49  4:47  Probe  
  49  4:48  Stalker  
  53  4:55  Probe  
  53  4:58  Probe  
  55  5:07  Pylon, Probe  
  55  5:10  Probe  
  57  5:19  Probe  
  58  5:25  Nexus  
  58  5:29  Probe  
  58  5:31  Observer  
  60  5:43  Gateway x2  
  60  5:44  Gateway  
  60  5:50  Templar Archives  
  60  5:54  Gateway  
  60  5:58  Pylon  
  60  6:01  Sentry  
  60  6:02  Zealot  
  64  6:04  Probe x2  
  66  6:16  Probe  
  66  6:18  Probe  
  68  6:24  Zealot  
  68  6:25  Zealot  
  72  6:26  Warp Prism  
  72  6:27  Pylon  
  72  6:28  Probe  
  72  6:32  Probe  
  76  6:37  High Templar  
  76  6:38  High Templar  
  80  6:41  Probe x2  
  80  6:42  Zealot x2  
  80  6:43  Archon  
  80  6:44  Zealot  
  88  6:48  Pylon  
  88  6:52  Zealot  
  90  6:54  Probe  
  90  6:56  Probe x2  
  90  6:59  Zealot  
  90  7:00  Zealot  
  97  7:05  Zealot  
  97  7:06  Probe  
  102  7:11  Pylon  
  102  7:12  Probe  
  102  7:15  Pylon  
  103  7:20  Zealot, Shield Battery  
  105  7:24  Zealot x3  
  105  7:29  Shield Battery, Probe x2  
  111  7:32  Shield Battery  
  111  7:33  High Templar x2  
  114  7:39  Archon  
  114  7:42  Zealot  
  117  7:45  Pylon  
  117  7:47  Pylon, Assimilator  
  117  7:48  Zealot  
  117  7:49  Assimilator  
  117  7:50  Zealot  
  117  7:51  Zealot  
  121  8:03  Zealot  
  123  8:06  Zealot x2  
  123  8:09  Zealot, Pylon x2  
  129  8:15  Zealot  
  129  8:16  Zealot  
  133  8:20  Assimilator x2  
  133  8:23  Zealot  
  118  8:34  Probe x2  
  118  8:38  Gateway  
  118  8:39  Gateway  
  101  8:41  Zealot x2, High Templar x2  
  101  8:42  Immortal, Zealot  
  101  8:44  Zealot  
  101  8:47  Archon  
  113  8:49  Probe  
  113  8:54  Probe  
  117  8:56  Probe  
  117  9:02  Zealot, High Templar x2  
  124  9:05  Pylon  
  124  9:06  Archon  
  124  9:07  Zealot  
  122  9:20  Zealot, High Templar x2  
  115  9:25  Archon  
  115  9:26  Zealot  
Tags
 
Add a new tag
Caveats
  • Supply blocks, unpowered buildings, or Contaminate may cause inaccurate times.
  • Supply counts are checked every 10 seconds.